 Dungeon Crawl Stone Soup version 0.31-a0-354-g827e0957a7 (webtiles) character file.

Game seed: 5285971358528543230

79 EiAlmux the Conjurer (level 4, -2/26 HPs)
             Began as a Deep Elf Conjurer on July 24, 2023.
             Killed from afar by Sigmund (6 damage)
             ... with a magic dart
             ... on level 3 of the Dungeon.
             The game lasted 00:04:49 (2430 turns).

EiAlmux the Conjurer (Deep Elf Conjurer)            Turns: 2430, Time: 00:04:50

Health: -2/26      AC:  2    Str:  4    XL:     4   Next: 16%
Magic:  19/21      EV: 12    Int: 25    God:
Gold:   194        SH:  0    Dex: 13    Spells: 8/11 levels left

rFire   . . .        j - +0 dagger
rCold   . . .        (no shield)
rNeg    . . .        a - +0 robe
rPois   .            (no helmet)
rElec   .            (no cloak)
rCorr   .            (no gloves)
SInv    .            (no boots)
Will    .....        (no amulet)
Stlth   ++           l - ring of magical power
HPRegen 0.24/turn    (no ring)
MPRegen 0.17/turn

%: no passive effects
@: no status effects
A: no striking features
a: no special abilities


You were on level 3 of the Dungeon.
You visited 1 branch of the dungeon, and saw 3 of its levels.

You collected 194 gold pieces.

Inventory:

Hand Weapons
 j - a +0 dagger (weapon)
Armour
 a - a +0 robe (worn)
 e - a +0 buckler
 h - a +0 helmet
Jewellery
 l - a ring of magical power (left hand)
Scrolls
 f - a scroll of immolation {unknown}
 g - a scroll of amnesia
 m - a scroll of silence {unknown}
 o - a scroll of enchant armour {unknown}
Potions
 b - a potion of magic
 c - a potion of brilliance
 d - a potion of ambrosia
 i - a potion of heal wounds {unknown}
 n - a potion of degeneration {unknown}


   Skills:
 - Level 2.0 Fighting
 + Level 2.4 Dodging
 - Level 2.4 Stealth
 + Level 4.0 Spellcasting
 + Level 5.0 Conjurations
 + Level 0.1 Hexes


You had 8 spell levels left.
You knew the following spells:

 Your Spells              Type           Power      Damage    Failure   Level
a - Magic Dart            Conj           100%       1d8       1%          1
b - Searing Ray           Conj           60%        2d6       1%          2

Your spell library contained the following spells:

 Spells                   Type           Power      Damage    Failure   Level
 Dazzling Flash           Conj/Hex       36%        N/A       10%         3
 Fulminant Prism          Conj/Hex       9%         3d6       30%         4
 Iskenderun's Mystic Bla  Conj/Tloc      17%        2d5       32%         4


Dungeon Overview and Level Annotations

Branches:
Dungeon (3/15)

Altars:
Xom

Annotations:
D:2 Jessica
D:3 Sigmund


Message History

The hobgoblin attacks as you move away! The hobgoblin closely misses you.
You open the door.
The hobgoblin hits you but does no damage.
The frilled lizard bites you but does no damage.
The hobgoblin attacks as you move away! The hobgoblin closely misses you.
There is an open door here.
The frilled lizard attacks as you move away!
The frilled lizard bites you. The hobgoblin attacks as you move away!
The hobgoblin hits you but does no damage.
The hobgoblin attacks as you move away! The hobgoblin hits you.
The hobgoblin attacks as you move away! The hobgoblin closely misses you.
Sigmund mumbles some strange words.
Sigmund flickers and vanishes!
Deactivating autopickup; reactivate with Ctrl-A.
The hobgoblin attacks as you move away! The hobgoblin barely misses you.
The hobgoblin attacks as you move away! The hobgoblin barely misses you.
Casting: Searing Ray (safe; 1% risk of failure)
Confirm with . or Enter, or press ? or * to list all spells.
Aiming: Searing Ray (safe; 1% risk of failure)
Press: ? - help, Shift-Dir - straight line, f - hobgoblin
Aim: a hobgoblin (79% to hit)
The searing ray hits the hobgoblin!
You kill the hobgoblin!
The searing ray misses the frilled lizard. (Press . to maintain the ray.)
The searing ray hits the frilled lizard!
You kill the frilled lizard!
You are confused.
A puff of flame appears from out of thin air!
The puff of flame hits you!
* * * LOW HITPOINT WARNING * * *
Found a scroll labelled HYUPRE LOGE.
It was a potion of curing.
You feel better.
A magic dart appears from out of thin air!
The magic dart hits you.
* * * LOW HITPOINT WARNING * * *
A magic dart appears from out of thin air!
The magic dart hits you.
You die...

#.# #.# #....)......# #
#.# #.# #?#...).#####.#
#.# #.# #.#..)†.......#
#.##### #.#
#.#.).#########
#.....### #†#
#.#.†.#....... #####...#
#{###.#....<...... ###)#
#...#.#..##########.
#.#####.#.#.............
#..# #...@..............
##.###..#............).>
#..##..##.#############
##.....##.# ###....).#
##...### #...# #..##
#.>#


There were no monsters in sight!

Vanquished Creatures
  Robin (D:3)
  2 adders
  An orc (D:3)
  A giant cockroach (D:2)
  12 goblins
  5 hobgoblins
  A jackal (D:2)
  3 ball pythons
  4 bats
  7 frilled lizards
  10 kobolds
  3 rats (D:2)
50 creatures vanquished.

Notes
Turn   | Place    | Note
-------+----------+-------------------------------------------
     0 | D:1      | EiAlmux the Deep Elf Conjurer began the quest for the Orb.
     0 | D:1      | Reached XP level 1. HP: 10/10 MP: 6/6
   637 | D:2      | Found a shimmering altar of Xom.
   887 | D:2      | Noticed Jessica
   930 | D:2      | Reached XP level 2. HP: 16/16 MP: 4/8
   933 | D:2      | Learned a level 2 spell: Searing Ray
  1103 | D:2      | Reached skill level 1 in Fighting
  1420 | D:2      | Reached XP level 3. HP: 20/20 MP: 6/10
  2131 | D:3      | Noticed Robin
  2138 | D:3      | Killed Robin
  2294 | D:3      | Reached skill level 5 in Conjurations
  2294 | D:3      | Reached XP level 4. HP: 26/26 MP: 12/12
  2379 | D:3      | Noticed Sigmund
  2430 | D:3      | Killed from afar by Sigmund

Illustrated notes

Levels and vault maps discovered:
D:1:      lightli_arrival_maybe_door_vault, layout_basic,
          minmay_misc_feat_encased, minmay_tetromino_o2
D:2:      kennysheep_six_static_rooms, layout_loops_corners, basic_altar,
          lexackson_kobold_supper, uniq_jessica
D:3:      layout_basic, minmay_cut_off, uniq_robin, uniq_ijyb, uniq_sigmund

Skill      XL: |  1  2  3 |
---------------+----------+-----
Fighting       | 1 2 |  2.0
Spellcasting   | 4 |  4.0
Conjurations   | 5 |  5.0
Dodging        | |  2.4
Stealth        | |  2.4
Hexes          | |  0.1

Action                     |  1- 3 |  4- 6 || total
---------------------------+-------+-------++-------
   Cast: Magic Dart        |    64 |     2 ||    66
         Searing Ray       |     4 |     2 ||     6
    Use: Scroll            |     3 |       ||     3
         Potion            |       |     1 ||     1
 Armour: Robe              |     2 |     3 ||     5
  Dodge: Dodged            |     3 |    15 ||    18

Table legend: (Time is in decaauts)
 A = Elapsed time spent in this place.
 B = Non-inter-level travel time spent in this place.
 C = Inter-level travel time spent in this place.
 D = Time resting spent in this place.
 E = Time spent auto-exploring this place.
 F = Levels seen in this place.
 G = Mean time per level.
                   A        B        C        D        E       F      G
               +--------+--------+--------+--------+--------+-----+--------+
         Total |   2428 |   2352 |     76 |      0 |   2106 |   3 |  809.3 |
       Dungeon |   2428 |   2352 |     76 |      0 |   2106 |   3 |  809.3 |
               +--------+--------+--------+--------+--------+-----+--------+

Top non-repeatable levels by time:
     D:2: 1331 daAuts
     D:1: 562 daAuts
     D:3: 534 daAuts
